 Dungeon Crawl Stone Soup version 0.20.1-1-g8b1a95d (webtiles) character file.

7527 KoningWillie the Spear-Bearer (level 10, -1/91 HPs)
             Began as a Minotaur Fighter on Oct 9, 2017.
             Was a Priest of Fedhas (penitent).
             Slain by an orc warrior
             ... wielding a +4 halberd
              (25 damage)
             ... on level 11 of the Dungeon.
             The game lasted 00:22:02 (9529 turns).

KoningWillie the Spear-Bearer (Minotaur Fighter)    Turns: 9529, Time: 00:22:03

Health: -1/91      AC: 14    Str: 24    XL:     10   Next: 95%
Magic:  18/18      EV: 10    Int: 10    God:    Fedhas [*]
Gold:   314        SH:  0    Dex: 10    Spells: 9/9 levels left

rFire    . . .     SeeInvis .   j - +1 scythe (freeze)
rCold    . . .     Gourm    .   (shield currently unavailable)
rNeg     . . .     Faith    .   k - +0 chain mail
rPois    .         Spirit   .   (helmet restricted)
rElec    .         Reflect  .   (no cloak)
rCorr    .         Harm     .   (no gloves)
MR       .....                  q - +1 pair of boots of the Bulwark {MP+9 Int+3}
Stlth    ..........             c - amulet of regeneration
Regen    0.7/turn               J - ring of flight
MPRegen  0.2/turn               (no ring)

@: lethally poisoned (-1 -> -2), drained
A: retaliatory headbutt, horns 2, clever 1, mutation resistance 1
a: Renounce Religion, Evoke Flight


You were on level 11 of the Dungeon.
You worshipped Fedhas.
Fedhas was demanding penance.
You were not hungry.

You visited 1 branch of the dungeon, and saw 11 of its levels.
You also visited: Sewer.

You collected 536 gold pieces.
You spent 222 gold pieces at shops.

Inventory:

Hand Weapons
 j - a +1 scythe of freezing (weapon)
Armour
 k - a +0 chain mail (worn)
 q - the +1 pair of boots of the Bulwark (worn) {MP+9 Int+3}
   (You found it on level 7 of the Dungeon)

   It affects your intelligence (+3).
   It affects your magic capacity (+9).
Jewellery
 c - an amulet of regeneration (around neck)
 C - a cursed ring of teleportation
 E - an uncursed amulet of the gourmand
 J - a ring of flight (left hand)
Wands
 g - a wand of enslavement (11/24)
 G - a wand of lightning (7/15)
 I - a wand of disintegration (13/24)
 M - a wand of disintegration (15/24)
Scrolls
 f - a scroll of enchant weapon
 m - 5 scrolls of enchant armour
 n - 4 scrolls of fog
 u - a scroll of remove curse
 y - a scroll of magic mapping
 A - a scroll of amnesia
Potions
 a - 2 potions of resistance
 b - a potion of cancellation
 d - a potion of might
 e - a potion of agility
 l - 5 potions of flight
 v - 6 potions of curing
 x - a potion of heal wounds
Comestibles
 r - 10 bread rations
 s - a meat ration
 H - a royal jelly


   Skills:
 + Level 9.1(8.8) Fighting
   Level 5.3(9.8) Axes
 + Level 13.0 Polearms
 + Level 10.2(9.9) Armour
 + Level 4.2(4.0) Dodging
 + Level 1.8(1.6) Stealth
   Level 4.8(4.6) Shields
 + Level 0.6(0.3) Invocations
 + Level 0.5(0.3) Evocations


You had 9 spell levels left.
You didn't know any spells.

Dungeon Overview and Level Annotations

Branches:
Dungeon (11/15)            Temple (0/1) D:7
   Lair: D:8-11         Orc: D:9-12

Altars:
Ashenzari
Cheibriados
Dithmenos
Fedhas
Makhleb
Okawaru
Ru
Zin
The Shining One

Shops:
D:9 *

Annotations:
D:10 nano's ghost, novice CeGl
D:11 Psyche


Innate Abilities, Weirdness & Mutations

You reflexively headbutt those who attack you in melee.
You have a pair of horns on your head.
Your mind is acute. (Int +2)
You are somewhat resistant to further mutation.


Message History

The orc warrior hits you but does no damage.
Psyche barely misses you.
You slash Psyche! You freeze Psyche. Your headbutt misses Psyche.
Psyche is severely wounded.
Psyche says, "Please, could you die a little faster?"
Psyche hits you but does no damage. The gnoll hits you but does no damage.
The gnoll sergeant hits you with a trident of protection.
* * * LOW HITPOINT WARNING * * *
The gnoll closely misses you.
The orc warrior hits you from afar with an enchanted halberd.
* * * LOW HITPOINT WARNING * * *
An orc comes into view. It is wielding a whip.
You feel much better. Psyche hits you but does no damage.
You are poisoned.
The gnoll hits you but does no damage. x2
The gnoll sergeant hits you with a trident of protection!
* * * LOW HITPOINT WARNING * * *
The orc warrior hits you from afar with an enchanted halberd!!
You die...
Fedhas appreciates your contribution to the ecosystem.

#..........#
#.....$....#
#..........#
##..........#
#...........#
######.).........#
.................#
###..o)..........#
#....##@g........#
....c.gg@.......<#
.....ccc........##
............(...#
................#
..o..?...########
.........#
.........#
.#.......#


You could see Psyche, an orc warrior, a gnoll sergeant, 4 centaurs, 2 gnolls and
an orc.

Vanquished Creatures
  A two-headed ogre (D:9)
  Maurice (D:9)
  A gargoyle (D:11)
  A troll (D:11)
  2 hippogriffs
  Sigmund (D:2)
  A spriggan (D:9)
  8 yaks
  7 ice beasts
  2 porcupines (D:10)
  A phantom (D:6)
  A sky beast (D:6)
  2 black bears (D:10)
  An orc warrior (D:6)
  6 ogres
  The ghost of Melbolja the Conjurer, an amateur OpCj (Sewer)
  4 big kobolds
  4 bullfrogs
  A gnoll sergeant (D:9)
  A wyvern zombie (D:10)
  3 scorpions
  4 wights
  4 crimson imps
  A centaur zombie (D:10)
  7 hounds
  A jelly (D:6)
  A quasit (D:6)
  A bullfrog skeleton (D:9)
  3 orc wizards
  A centaur skeleton (D:6)
  2 orc priests
  An iguana (D:7)
  Natasha (twice) (D:2)
  8 worker ants
  2 killer bee zombies (D:6)
  2 hound skeletons
  A howler monkey zombie (D:6)
  11 gnolls
  15 adders
  A shadow imp (D:7)
  6 oozes (Sewer)
  6 worms
  A dart slug (D:1)
  8 leopard geckos
  6 orcs
  9 giant cockroaches
  7 goblins
  11 hobgoblins
  9 jackals
  3 quokkas
  5 ball pythons
  8 bats
  2 frilled lizards
  A jackal skeleton (D:4)
  16 kobolds
  A leopard gecko zombie (D:7)
  A quokka skeleton (D:9)
  A quokka zombie (D:7)
  28 rats
247 creatures vanquished.

Vanquished Creatures (others)
  A gnoll (D:11)
  A wandering mushroom (D:9)
  86 toadstools
88 creatures vanquished.

Grand Total: 335 creatures vanquished

Notes
Turn   | Place    | Note
-------+----------+-------------------------------------------
     0 | D:1      | KoningWillie the Minotaur Fighter began the quest for the Orb.
     0 | D:1      | Reached XP level 1. HP: 19/19 MP: 0/0
    92 | D:1      | Reached XP level 2. HP: 27/27 MP: 1/1
   500 | D:1      | Reached XP level 3. HP: 33/33 MP: 2/2
  1021 | D:2      | Noticed Sigmund
  1041 | D:2      | Killed Sigmund
  1041 | D:2      | Reached skill level 1 in Dodging
  1041 | D:2      | Reached XP level 4. HP: 35/41 MP: 3/3
  1041 | D:2      | Reached XP level 5. HP: 40/47 MP: 4/4
  1065 | D:2      | Noticed Natasha
  1071 | D:2      | Killed Natasha
  1110 | D:2      | Found a blossoming altar of Fedhas.
  1120 | D:2      | Became a worshipper of Fedhas Madash
  1340 | D:2      | Noticed Natasha
  1346 | D:2      | Killed Natasha
  1346 | D:2      | Reached XP level 6. HP: 48/53 MP: 5/5
  1457 | D:2      | Reached skill level 1 in Polearms
  1803 | D:2      | Found an iron altar of Okawaru.
  2133 | D:3      | Reached skill level 2 in Polearms
  2233 | D:3      | Found a glowing drain.
  2234 | D:3      | Reached skill level 5 in Armour
  2267 | Sewer    | Entered a sewer
  2267 | Sewer    | Noticed Melbolja's ghost (amateur OpCj)
  2272 | Sewer    | Killed Melbolja's ghost
  2272 | Sewer    | Reached skill level 5 in Axes
  2384 | Sewer    | Reached skill level 3 in Polearms
  2459 | Sewer    | Reached XP level 7. HP: 55/60 MP: 6/6
  3012 | Sewer    | Reached skill level 5 in Fighting
  3012 | Sewer    | Reached skill level 4 in Polearms
  3015 | Sewer    | Reached * piety under Fedhas
  3042 | Sewer    | Reached skill level 5 in Polearms
  3114 | D:3      | Found a shattered altar of Ashenzari.
  3868 | D:4      | Found a sacrificial altar of Ru.
  4203 | D:4      | Reached skill level 6 in Polearms
  4208 | D:4      | Reached ** piety under Fedhas
  4520 | D:4      | Reached XP level 8. HP: 61/69 MP: 7/7
  4754 | D:5      | Entered Level 5 of the Dungeon
  4826 | D:5      | Found a shattered altar of Ashenzari.
  5068 | D:6      | Reached skill level 1 in Stealth
  5080 | D:6      | Reached skill level 7 in Polearms
  5097 | D:6      | Found a shadowy altar of Dithmenos.
  5290 | D:6      | Reached skill level 8 in Polearms
  5512 | D:6      | Found a snail-covered altar of Cheibriados.
  5572 | D:6      | Reached XP level 9. HP: 78/78 MP: 8/8
  5858 | D:6      | Reached skill level 9 in Polearms
  6375 | D:7      | Found a staircase to the Ecumenical Temple.
  6389 | D:7      | Got a pair of brightly glowing boots
  6403 | D:7      | Identified the +1 pair of boots of the Bulwark {MP+9 Int+3} (You found it on level 7 of the Dungeon)
  6601 | D:7      | Reached skill level 10 in Polearms
  6686 | D:7      | Found a burning altar of Makhleb.
  6732 | D:7      | Reached *** piety under Fedhas
  7090 | D:7      | HP: 3/80 [ice beast (6)]
  7555 | D:8      | Noticed a two-headed ogre
  7579 | D:9      | Reached skill level 11 in Polearms
  7735 | D:9      | Found a glowing golden altar of the Shining One.
  7867 | D:9      | Found Keowebumo's Assorted Antiques.
  7872 | D:9      | Bought a potion of curing for 75 gold pieces
  7872 | D:9      | Bought a glowing pink potion for 22 gold pieces
  7872 | D:9      | Bought a potion of curing for 75 gold pieces
  7872 | D:9      | Bought a scroll of identify for 50 gold pieces
  8111 | D:9      | Reached XP level 10. HP: 30/88 MP: 9/9
  8434 | D:9      | Noticed Maurice
  8457 | D:9      | Was placed under penance by Fedhas
  8495 | D:9      | Killed Maurice
  8803 | D:9      | Found a glowing silver altar of Zin.
  8803 | D:9      | Noticed an angel
  9000 | D:9      | Noticed a two-headed ogre
  9033 | D:9      | Killed a two-headed ogre
  9033 | D:9      | Reached skill level 12 in Polearms
  9206 | D:9      | Gained mutation: You are somewhat resistant to further mutation. [potion of mutation]
  9206 | D:9      | Gained mutation: Your mind is acute. (Int +2) [potion of mutation]
  9226 | D:10     | Entered Level 10 of the Dungeon
  9346 | D:10     | Reached skill level 10 in Armour
  9470 | D:10     | Noticed nano's ghost (novice CeGl)
  9514 | D:11     | Noticed Psyche
  9516 | D:11     | Noticed a gargoyle
  9526 | D:11     | Killed a gargoyle
  9526 | D:11     | Reached skill level 13 in Polearms
  9529 | D:11     | Slain by an orc warrior

Skill      XL: |  1  2  3  4  5  6  7  8  9 10 |
---------------+-------------------------------+-----
Armour         | 4 5 7 8 10 | 10.2
Shields        | 4 |  4.8
Fighting       | 4 5 6 7 9 |  9.1
Axes           | 4 5 |  5.3
Dodging        | 1 2 3 4 |  4.2
Polearms       | 3 6 8 11 13 | 13.0
Stealth        | 1 |  1.8
Invocations    | |  0.6
Evocations     | |  0.5

Action                   |  1- 3 |  4- 6 |  7- 9 | 10-12 || total
-------------------------+-------+-------+-------+-------++-------
Melee: War axe           |   106 |       |       |       ||   106
       Headbutt          |    10 |    12 |    64 |    23 ||   109
       Scythe            |       |    91 |   376 |    91 ||   558
Invok: Fungal Bloom      |       |     7 |    27 |     1 ||    35
       Growth            |       |       |     1 |       ||     1
       Evolution         |       |       |       |     1 ||     1
Evoke: Wand              |       |       |       |     5 ||     5
  Use: Scroll            |     4 |     5 |    15 |     3 ||    27
       Potion            |       |       |     4 |     6 ||    10
  Eat: Bread ration      |       |     1 |       |       ||     1
       Royal jelly       |       |     1 |       |       ||     1
       Meat ration       |       |       |     4 |     1 ||     5
       Chunk             |       |       |     1 |       ||     1
Armor: Scale mail        |    65 |       |       |       ||    65
       Chain mail        |    10 |   102 |   291 |   128 ||   531
Dodge: Dodged            |    42 |    62 |   272 |   111 ||   487
Block: Shield            |    70 |       |       |       ||    70
